 Dungeon Crawl Stone Soup version 0.22-a0-897-g1b7a381375 (webtiles) character file.

1882 Varmer the Ruffian (level 8, -6/76 HPs)
             Began as a Troll Warper on July 31, 2018.
             Was a Priest of Kikubaaqudgha.
             Mangled by a hornet (13 damage)
             ... while paralysed by a hornet
             ... on level 6 of the Dungeon.
             The game lasted 01:29:47 (7808 turns).

Varmer the Ruffian (Troll Warper)                   Turns: 7808, Time: 01:29:48

Health: -6/76      AC:  6    Str: 20    XL:     8   Next: 92%
Magic:  9/11       EV:  1    Int: 14    God:    Kikubaaqudgha [***...]
Gold:   110        SH:  0    Dex: 12    Spells: 2/12 levels left

rFire    . . .     SeeInvis .     - Unarmed
rCold    . . .     Gourm    +   (no shield)
rNeg     . . .     Faith    .   o - +0 robe
rPois    .         Spirit   .   (helmet restricted)
rElec    .         Reflect  +   v - +0 cloak
rCorr    .         Harm     .   (gloves unavailable)
MR       .....                  (boots unavailable)
Stlth    +.........             O - +5 amulet of reflection
HPRegen  0.62/turn              B - +3 ring of intelligence
MPRegen  0.12/turn              N - +3 ring of dexterity

@: paralysed, lethally poisoned (-6 -> -23), confusing touch, slowed
A: large, unfitting armour, claws 3, fast metabolism 3, gourmand, regeneration
1, shaggy fur 1, tough skin 2
a: Receive Corpses, Renounce Religion


You were on level 6 of the Dungeon.
You worshipped Kikubaaqudgha.
Kikubaaqudgha was most pleased with you.
You were not hungry.

You visited 2 branches of the dungeon, and saw 8 of its levels.
You also visited: Sewer and Ossuary.

You collected 267 gold pieces.
You spent 157 gold pieces at shops.

Inventory:

Hand Weapons
 a - a +2 blowgun
 h - a +0 short sword
 i - a +0 dagger of electrocution
 k - a +0 shortbow
 n - a cursed +0 spear
 p - a +0 mace
 D - a +1 short sword of protection
 G - a +0 blowgun
 H - a +0 short sword
 I - a +0 blowgun
 J - a +0 whip
 R - a +0 quarterstaff
 S - a +4 long sword of holy wrath
 T - a +0 arbalest
 U - a +2 war axe of electrocution
Missiles
 j - 51 poisoned needles
 l - 51 bolts
 t - 223 stones (quivered)
 y - 71 sling bullets
Armour
 m - a +0 ring mail
 o - a +0 robe (worn)
 v - a +0 cloak (worn)
Jewellery
 B - a +3 ring of intelligence (left claw)
 N - a +3 ring of dexterity (right claw)
 O - a +5 amulet of reflection (around neck)
 P - a +2 ring of dexterity
Wands
 d - a wand of digging (4)
Scrolls
 c - a scroll of blinking
 g - a scroll of amnesia
 q - 2 scrolls of remove curse {unknown}
 r - 2 scrolls of immolation {unknown}
 C - 2 scrolls of fog {unknown}
 E - 2 scrolls of teleportation
 F - 2 scrolls of identify
 K - a scroll of enchant armour {unknown}
 L - a scroll of random uselessness {unknown}
Potions
 b - 2 potions of ambrosia
 e - 3 potions of curing
 s - a potion of degeneration {unknown}
 u - 2 potions of agility
 w - 5 potions of flight
 z - 2 potions of heal wounds
 Q - a potion of brilliance {unknown}
Comestibles
 f - 9 rations


   Skills:
 + Level 3.6 Fighting
 + Level 3.9 Throwing
 + Level 3.9 Dodging
 + Level 6.0 Unarmed Combat
 + Level 2.8 Spellcasting
 * Level 4.4 Necromancy
 - Level 2.1 Translocations


You had 2 spell levels left.
You knew the following spells:

 Your Spells              Type           Power        Failure   Level  Hunger
a - Blink                 Tloc           N/A          14%         2    ##.....
b - Pain                  Necr           ##..         3%          1    #......
c - Shroud of Golubria    Chrm/Tloc      #.........   22%         2    ##.....
d - Sublimation of Blood  Necr           ##........   5%          2    ##.....
e - Corpse Rot            Necr           N/A          5%          2    ##.....
f - Confusing Touch       Hex            #.....       22%         1    #......

Your spell library contained the following spells:

 Spells                   Type           Power        Failure   Level  Hunger
 Confuse                  Hex            #.......     54%         3    ###....
 Teleport Other           Tloc           #.......     26%         3    ###....
 Dispel Undead            Necr           ##......     67%         5    ######.
 Regeneration             Chrm/Necr      #.........   26%         3    ###....
 Death Channel            Necr           ##........   99%         6    #######
 Metabolic Englaciation   Hex/Ice        #.........   99%         5    ######.
 Simulacrum               Ice/Necr       #.........   100%        6    #######
 Excruciating Wounds      Chrm/Necr      #.........   94%         5    ######.
 Petrify                  Tmut/Erth      #.......     91%         4    #####..
 Passage of Golubria      Tloc           N/A          65%         4    #####..
 Gell's Gravitas          Tloc           #.........   26%         3    ###....
 Yara's Violent Unravell  Hex/Tmut       #.........   99%         5    ######.
 Lesser Beckoning         Tloc           #.........   26%         3    ###....
 Borgnjor's Vile Clutch   Necr/Erth      #.........   94%         5    ######.


Dungeon Overview and Level Annotations

Branches:
Dungeon (7/15)             Temple (1/1) D:4

Altars:
Ashenzari
Cheibriados
Dithmenos
Elyvilon
Gozag
Hepliaklqana
Kikubaaqudgha
Makhleb
Okawaru
Qazlal
Ru
Sif Muna
Trog
Uskayaw
Vehumet
Wu Jian
Xom
Yredelemnul
Zin
The Shining One

Shops:
D:4 ==


Innate Abilities, Weirdness & Mutations

You are too large for most types of armour.
You have claws for hands.
Your metabolism is lightning-fast.
You like to eat raw meat.
Your natural rate of healing is unusually fast.
You are covered in fur. (AC +1)
You have very tough skin. (AC +2)


Message History

The hornet stings you!
You feel as though you will be slow longer.
You climb upwards.
You feel very sick.
There is a stone staircase leading down, spattered with blood here.
Casting: Confusing Touch (safe; 22% risk of failure)
Confirm with . or Enter, or press ? or * to list all spells.
You blink.
You feel sick. The hornet stings you!
You are more poisoned.
You feel as though you will be slow longer.
The hornet stings you!
* * * LOW HITPOINT WARNING * * *
You are lethally poisoned!
You suddenly lose the ability to move!
The adder bites you.
* * * LOW HITPOINT WARNING * * *
* * * LOW HITPOINT WARNING * * *
You feel very sick. The hornet stings you!
You die...
Kikubaaqudgha rasps: "You have failed me!
Welcome... death!"

#.# #.#.# #.# #.####.#
#.##########.#.# #.# #.#
#.#
#.........##.#.######.###.#
#.#
##.....................##.#
#.#
#.#########.#.#######.##.#
#.# #.# #.#.## #.##.####.##
##.# #....######..%........
...# #.#...y§.....)......##
#### #....@S.#############
###.##### ###


You could see a hornet and an adder.

Vanquished Creatures
  Menkaure (D:5)
  An ice beast (D:6)
  2 phantoms (D:6)
  An ogre (D:5)
  A centaur (D:6)
  Blork the orc (D:6)
  A big kobold (Sewer)
  A bullfrog (D:4)
  2 scorpions (D:5)
  6 killer bees
  A crimson imp (D:5)
  2 hounds
  A jelly (D:5)
  3 orc priests
  Crazy Yiuf (D:6)
  A bullfrog skeleton (D:6)
  2 orc wizards
  Natasha (twice) (D:4)
  2 worker ants
  A killer bee zombie (D:5)
  A hound skeleton (D:4)
  A worker ant zombie (D:6)
  4 gnolls
  12 adders
  4 river rats (Sewer)
  A shadow imp (D:5)
  3 oozes (Sewer)
  6 worms
  3 dart slugs
  8 leopard geckos
  14 orcs
  4 giant cockroaches
  2 goblins (D:1)
  3 hobgoblins
  2 jackals (D:6)
  A quokka (D:6)
  A ball python (Sewer)
  4 bats
  5 frilled lizards
  8 kobolds
  3 rats (D:1)
123 creatures vanquished.

Notes
Turn   | Place    | Note
-------+----------+-------------------------------------------
     0 | D:1      | Varmer the Troll Warper began the quest for the Orb.
     0 | D:1      | Reached XP level 1. HP: 19/19 MP: 1/1
    58 | D:1      | Reached skill level 1 in Throwing
   209 | D:1      | You fall through a shaft!
   209 | D:2      | Found an ancient bone altar of Kikubaaqudgha.
   214 | D:2      | Became a worshipper of Kikubaaqudgha
   311 | D:2      | Reached XP level 2. HP: 28/28 MP: 2/2
   496 | D:2      | Reached XP level 3. HP: 35/35 MP: 4/4
   933 | D:1      | Reached * piety under Kikubaaqudgha
   933 | D:1      | Identified Kikubaaqudgha's Papyrus of Dark Rites (Kikubaaqudgha gifted it to you on level 1 of the Dungeon)
   933 | D:1      | Received a gift from Kikubaaqudgha
   943 | D:1      | Learned a level 2 spell: Blink
   945 | D:1      | Learned a level 1 spell: Pain
  1293 | D:2      | Reached skill level 3 in Unarmed Combat
  1334 | D:3      | Found a shattered altar of Ashenzari.
  1509 | D:3      | Reached XP level 4. HP: 39/42 MP: 1/5
  1722 | D:3      | Learned a level 2 spell: Shroud of Golubria
  2217 | D:4      | Found Bulidoj's Jewellery Boutique.
  2347 | D:4      | Noticed a bullfrog
  2356 | D:4      | Killed a bullfrog
  2356 | D:4      | Reached skill level 1 in Necromancy
  2356 | D:4      | Reached XP level 5. HP: 32/49 MP: 1/6
  2359 | D:4      | Found an opulent altar of Gozag.
  2364 | D:4      | Found a hazy altar of Hepliaklqana.
  2386 | D:4      | Found a shattered altar of Ashenzari.
  2395 | D:4      | Found Vaodoqit's Jewellery Shop.
  2407 | D:4      | Bought a +3 ring of intelligence for 157 gold pieces
  2599 | D:4      | Found a sand-covered staircase.
  2604 | Ossuary  | Entered an ossuary
  2645 | D:4      | Found a glowing drain.
  2666 | Sewer    | Entered a sewer
  2701 | Sewer    | Learned a level 2 spell: Sublimation of Blood
  2778 | Sewer    | Reached XP level 6. HP: 58/58 MP: 4/7
  2865 | Sewer    | Reached skill level 4 in Unarmed Combat
  3090 | Sewer    | Reached ** piety under Kikubaaqudgha
  3412 | D:4      | Learned a level 2 spell: Corpse Rot
  3657 | D:4      | Found a shimmering altar of Xom.
  3956 | D:4      | Found a staircase to the Ecumenical Temple.
  3956 | D:4      | Noticed Natasha
  3960 | D:4      | Killed Natasha
  3974 | Temple   | Entered the Ecumenical Temple
  4161 | D:4      | Noticed Natasha
  4188 | D:4      | Killed Natasha
  4446 | D:5      | Entered Level 5 of the Dungeon
  4507 | D:5      | Reached XP level 7. HP: 60/66 MP: 0/9
  4621 | D:5      | Learned a level 1 spell: Confusing Touch
  5559 | D:5      | Noticed Menkaure
  5993 | D:5      | Killed Menkaure
  5993 | D:5      | Reached skill level 5 in Unarmed Combat
  6092 | D:5      | Reached XP level 8. HP: 75/75 MP: 8/10
  6262 | D:6      | Found a shadowy altar of Dithmenos.
  6521 | D:6      | Noticed Blork the orc
  6529 | D:6      | Killed Blork the orc
  6735 | D:6      | Reached *** piety under Kikubaaqudgha
  6735 | D:6      | Identified Kikubaaqudgha's Reference Book on Black Arts (Kikubaaqudgha gifted it to you on level 6 of the Dungeon)
  6735 | D:6      | Received a gift from Kikubaaqudgha
  6909 | D:6      | Found a runed door.
  6913 | D:6      | Noticed Crazy Yiuf
  6925 | D:6      | Killed Crazy Yiuf
  7569 | D:6      | Reached skill level 6 in Unarmed Combat
  7721 | D:7      | Found a white marble altar of Elyvilon.
  7740 | D:7      | Noticed a hornet
  7807 | D:6      | Paralysed by a hornet for 3 turns
  7808 | D:6      | Mangled by a hornet

Vault maps used:
D:1:      lemuel_arrival_behind_the_door_small
D:2:      nicolae_overflow_hidden_temple, minmay_misc_feat_hallway,
          uniq_terence, uniq_sigmund
D:3:      first_ration, evilmike_ruin_ashenzari
D:4:      grunt_temple_overflow_open, kennysheep_mini,
          minmay_temple_entry_fiery, cheibrodos_sewer_entry_drain,
          enter_ossuary_2, serial_shops, shop, nicolae_shop_stone,
          grunt_ministairs_6, uniq_natasha
D:5:      uniq_menkaure
D:6:      grunt_dithmenos_shadows, uniq_blork_the_orc, uniq_crazy_yiuf_cottage
D:7:      kennysheep_mini_moat, elyvilon_altar_1
Temple:   cyrus_circular_temple
Sewer:    sewer_co_15_rooms
Ossuary:  ossuary_minmay_scorpions

Skill      XL: |  1  2  3  4  5  6  7  8 |
---------------+-------------------------+-----
Throwing       | 1 2 3 |  3.9
Dodging        | 2 3 |  3.9
Unarmed Combat | 3 4 5 6 |  6.0
Fighting       | 2 3 |  3.6
Necromancy     | 1 2 3 4 |  4.4
Spellcasting   | 2 |  2.8
Translocations | |  2.1

Action                   |  1- 3 |  4- 6 |  7- 9 || total
-------------------------+-------+-------+-------++-------
Melee: Unarmed           |    89 |   188 |   125 ||   402
       Punch             |       |     1 |     3 ||     4
 Fire: Blowgun           |       |     7 |    58 ||    65
Throw: Javelin           |     5 |     5 |     7 ||    17
       Tomahawk          |     3 |     1 |     1 ||     5
       Stone             |       |       |     7 ||     7
 Cast: Pain              |     9 |    38 |    29 ||    76
       Blink             |     3 |     2 |    11 ||    16
       Shroud of Golubri |       |     9 |     2 ||    11
       Sublimation of Bl |       |     7 |     3 ||    10
       Corpse Rot        |       |     1 |     2 ||     3
       Confusing Touch   |       |       |     4 ||     4
Evoke: Wand              |       |       |     7 ||     7
  Use: Scroll            |     2 |     5 |     7 ||    14
       Potion            |     2 |     6 |     5 ||    13
 Stab: Sleeping          |       |       |     1 ||     1
  Eat: Chunk             |    19 |    23 |    28 ||    70
       Ration            |       |       |     2 ||     2
Armor: Robe              |    21 |    46 |    44 ||   111
Dodge: Dodged            |    45 |    77 |    87 ||   209
Block: Other             |       |       |    35 ||    35
       Reflection        |       |       |     3 ||     3

Table legend:
 A = Spawn XP
 B = Non-spawn XP
 C = Spawn XP percentage of total XP
 D = Spawn monster count
 E = Non-spawn monster count
 F = Spawn count percentage of total count
 G = Total turns spent on level
                    A         B        C        D         E        F      G
               +---------+---------+-------+---------+---------+-------+---------
         Total |       0 |    2689 |   0.0 |       0 |     123 |   0.0 |  7808
               +---------+---------+-------+---------+---------+-------+---------
           D:1 |       0 |      28 |   0.0 |       0 |      16 |   0.0 |   793
           D:2 |       0 |      55 |   0.0 |       0 |      10 |   0.0 |   515
           D:3 |       0 |      35 |   0.0 |       0 |       6 |   0.0 |   770
           D:4 |       0 |     413 |   0.0 |       0 |      26 |   0.0 |  1950
           D:5 |       0 |     762 |   0.0 |       0 |      25 |   0.0 |  1411
           D:6 |       0 |    1024 |   0.0 |       0 |      23 |   0.0 |  1425
           D:7 |       0 |     191 |   0.0 |       0 |       3 |   0.0 |   142
         Sewer |       0 |     181 |   0.0 |       0 |      14 |   0.0 |   675
               +---------+---------+-------+---------+---------+-------+---------
